 Dungeon Crawl Stone Soup version 0.25.1-2-g60ff931df9 (webtiles) character file.

Game seed: 10420819278409342870

45572 DearestLeader the Demonic Catastrophe (level 14, -18/103 HPs)
             Began as a Demonspawn Gladiator on Oct 7, 2020.
             Was an Elder of Qazlal.
             Killed from afar by a fire dragon (64 damage)
             ... with a blast of flame
             ... on level 6 of the Lair of Beasts.
             The game lasted 00:39:19 (19246 turns).

DearestLeader the Demonic Catastrophe (DsGl)       Turns: 19246, Time: 00:39:20

Health: -18/103    AC: 25    Str: 19    XL:     14   Next: 1%
Magic:  23/23      EV: 11    Int: 10    God:    Qazlal [****..]
Gold:   1137       SH:  5    Dex: 15    Spells: 13/13 levels left

rFire    . . .     SeeInvis .   K - +6 battleaxe (freeze)
rCold    . . .     Gourm    .   (shield currently unavailable)
rNeg     . . .     Faith    .   v - +4 plate armour
rPois    .         Spirit   .   c - +0 helmet
rElec    .         Reflect  .   w - +0 cloak
rCorr    +         Harm     .   (no gloves)
MR       +....                  (no boots)
Stlth    ..........             (no amulet)
HPRegen  0.27/turn              T - ring of resist corrosion
MPRegen  0.18/turn              (no ring)

@: repel missiles
A: talons 2, icy blue scales 2, powered by death 1, spiny 2
a: Upheaval, Elemental Force, Renounce Religion


You were on level 6 of the Lair of Beasts.
You worshipped Qazlal.
Qazlal was greatly pleased with you.
You were not hungry.

You visited 3 branches of the dungeon, and saw 18 of its levels.
You also visited: Sewer.

You collected 1173 gold pieces.
You spent 36 gold pieces at shops.

Inventory:

Hand Weapons
 o - a +4 vampiric broad axe
 K - a +6 battleaxe of freezing (weapon)
 S - a +1 demon trident of flaming
Missiles
 d - 7 throwing nets
 u - 40 poisoned darts (quivered)
 B - 3 silver javelins
Armour
 c - a +0 helmet (worn)
 g - a +0 buckler
 v - a +4 plate armour (worn)
 w - a +0 cloak (worn)
Jewellery
 T - a ring of resist corrosion (left hand)
Wands
 a - a wand of polymorph (21)
 j - a wand of random effects (11)
 k - a wand of digging (5)
 E - a wand of iceblast (6)
 G - a wand of paralysis (13)
 J - a wand of flame (37)
 P - a wand of disintegration (19)
Scrolls
 b - 3 scrolls of vulnerability
 e - a scroll of identify
 h - 5 scrolls of remove curse
 i - 3 scrolls of enchant armour
 n - a scroll of fear {unknown}
 p - 2 scrolls of fog {unknown}
 r - 7 scrolls of amnesia
 s - 2 scrolls of enchant weapon
 y - 4 scrolls of teleportation {unknown}
 C - a scroll of brand weapon {unknown}
 H - a scroll of torment {unknown}
 M - a scroll of magic mapping
 N - a scroll of immolation {unknown}
 O - 2 scrolls of blinking {unknown}
Potions
 l - 15 potions of curing
 m - 6 potions of heal wounds
 q - 5 potions of might
 t - 2 potions of ambrosia {unknown}
 x - 6 potions of flight
 z - 3 potions of stabbing
 A - 3 potions of degeneration {unknown}
 D - 2 potions of mutation {unknown}
 F - 2 potions of lignification {unknown}
 I - 2 potions of brilliance {unknown}
 L - 2 potions of haste {unknown}
 Q - 2 potions of berserk rage {unknown}
 U - a potion of resistance {unknown}
Comestibles
 f - 36 rations
 R - 4 chunks of flesh


   Skills:
 - Level 7.3 Fighting
 * Level 12.1(12.2) Axes
 - Level 2.6(8.4) Polearms
 - Level 1.7 Throwing
 + Level 11.8 Armour
 + Level 10.0 Dodging
 + Level 13.1 Invocations


You had 13 spell levels left.
You didn't know any spells.
Your spell library contained the following spells:

 Spells                   Type           Power        Failure   Level  Hunger
 Magic Dart               Conj           #...         99%         1    ##.....
 Blink                    Tloc           N/A          100%        2    ###....
 Call Imp                 Summ           #.......     100%        2    ###....
 Slow                     Hex            #.......     100%        2    ###....
 Conjure Flame            Conj/Fire      #.......     100%        3    ####...
 Mephitic Cloud           Conj/Pois/Air  #.......     100%        3    ####...
 Cause Fear               Hex            #.........   100%        4    #####..
 Bolt of Magma            Conj/Fire/Erth #.........   100%        5    ######.
 Iskenderun's Battlesphe  Conj/Chrm      #.......     100%        5    ######.
 Silence                  Hex/Air        #.........   100%        5    ######.
 Yara's Violent Unravell  Hex/Tmut       #.........   100%        5    ######.
 Iron Shot                Conj/Erth      #.........   100%        6    #######
 Orb of Destruction       Conj           #.........   100%        7    #######
 Spellforged Servitor     Conj/Summ      #.........   100%        7    #######
 Discord                  Hex            #.........   100%        8    #######


Dungeon Overview and Level Annotations

Branches:
Dungeon (11/15)            Temple (1/1) D:5            Lair (6/6) D:11
 Shoals (0/4) Lair:3        Snake (0/4) Lair:2        Slime (0/5) Lair:6
  Sewer (visited)
    Orc: D:9-12

Altars:
Ashenzari
Cheibriados
Dithmenos
Elyvilon
Fedhas
Gozag
Hepliaklqana
Kikubaaqudgha
Makhleb
Nemelex Xobeh
Okawaru
Qazlal
Ru
Sif Muna
Trog
Uskayaw
Vehumet
Wu Jian
Xom
Yredelemnul
Zin
The Shining One

Shops:
D:4 !   D:11 %

Annotations:
D:11 exclusion: obsidian statue
Lair:5 exclusion: 2 oklob plants


Innate Abilities, Weirdness & Mutations

You have razor-sharp toenails.
You are mostly covered in icy blue scales. (AC +3)
You regenerate a little health from kills.
You are mostly covered in sharp spines.


Message History

The fire dragon is severely wounded.
The fire dragon breathes flames at you. The blast of flame hits you!!
You hit the fire dragon but do no damage.
You claw the fire dragon, but do no damage.
The fire dragon is severely wounded.
The fire dragon is struck by your spines.
The fire dragon bites you but does no damage.
The fire dragon claws you! The fire dragon tramples you!
You hold your ground!
The fire dragon bites you.
The fire dragon claws you but does no damage.
The fire dragon tramples you but does no damage.
You see here 13 gold pieces.
You closely miss the fire dragon.
You claw the fire dragon, but do no damage.
The fire dragon is severely wounded.
The fire dragon breathes flames at you. The blast of flame hits you!!!
Ouch! That really hurt!
You die...

#.........[.PP......P###
####..
#P...........#.....PPP.#
#.....
#...........###..#.....#
#..... ..P##......P#
###.#...## ##[...
.........######*##.^.P.##
#.....
.........####$$####.##..##
##....
..........##$$$$#####....#
###.. .........###$$$$$#
##..### ##. .........#
*#°.D@###..## ##
.....##.## ##$$###...# ##.
..PP###.# ###'#...##
####.. ..### ### ##...##
#.#... ### #..8###
###..... # ##....##
##.....#.
##....###.....##.
###.......######
#.##...##.# #


You could see a fire dragon (catching breath).

Vanquished Creatures
  Nessos (Lair:6)
  Harold (Lair:1)
  5 hydras
  2 two-headed ogres
  Urug (Lair:6)
  3 death yaks (Lair:6)
  A lindwurm (Lair:6)
  5 elephants
  A centaur zombie (D:10)
  Maurice (D:9)
  3 black mambas
  Joseph (D:8)
  5 torpor snails (Lair:6)
  A centaur skeleton (D:10)
  Maggie (D:8)
  9 spiny frogs
  3 komodo dragons
  3 trolls (D:8)
  A queen bee (D:11)
  4 tyrant leeches (Lair:6)
  A merfolk (D:8)
  6 hornets (Lair:6)
  6 blink frogs (Lair:5)
  3 slime creatures (Lair:6)
  9 hippogriffs
  35 yaks
  2 wraiths
  6 wyverns
  2 fire elementals (Lair:6)
  4 fire bats (Lair:6)
  Grum (Lair:1)
  5 hogs
  A hungry ghost (D:10)
  A human (D:9)
  2 basilisks
  12 water moccasins
  8 porcupines
  5 orc warriors
  2 sky beasts (D:7)
  2 ice beasts (D:7)
  3 phantoms
  12 black bears
  4 ogres
  10 wolves
  7 centaurs
  10 crocodiles
  A big kobold (D:8)
  3 gnoll sergeants (D:8)
  22 bullfrogs
  2 scorpions
  A water moccasin skeleton (D:6)
  25 killer bees (D:11)
  10 wights
  10 electric eels
  9 howler monkeys
  2 hounds (D:6)
  3 quasits
  4 crimson imps
  4 gnoll shamans (D:8)
  3 jellies
  3 bullfrog skeletons
  5 orc priests
  5 orc wizards
  2 iguanas
  7 hell rats (Lair:6)
  7 worker ants
  3 worker ant zombies
  Robin (D:2)
  8 gnolls
  5 adders
  4 river rats (Sewer)
  4 shadow imps
  An ooze (D:3)
  3 adder skeletons
  An adder zombie (D:7)
  3 worms
  11 leopard geckos
  24 orcs
  10 ball pythons
  10 bats
  7 giant cockroaches
  2 gnoll zombies (D:2)
  24 goblins
  11 hobgoblins
  5 jackals
  A quokka (D:5)
  7 frilled lizards
  25 kobolds
  A leopard gecko zombie (D:7)
  A quokka skeleton (D:5)
  29 rats
  3 fungi
  3 plants
546 creatures vanquished.

Vanquished Creatures (collateral kills)
  A hydra (Lair:4)
1 creature vanquished.

Vanquished Creatures (others)
  4 fungi
  21 plants
25 creatures vanquished.

Grand Total: 572 creatures vanquished

Notes
Turn   | Place    | Note
-------+----------+-------------------------------------------
     0 | D:1      | DearestLeader the Demonspawn Gladiator began the quest for
                  | the Orb.
     0 | D:1      | Reached XP level 1. HP: 16/16 MP: 1/1
   508 | D:1      | Gained mutation: You are partially covered in sharp spines.
                  | [demonic ancestry]
   508 | D:1      | Reached XP level 2. HP: 23/23 MP: 2/2
  1238 | D:2      | Gained mutation: You are partially covered in icy blue
                  | scales. (AC +2) [demonic ancestry]
  1238 | D:2      | Reached XP level 3. HP: 28/28 MP: 3/3
  1629 | D:2      | Found a basalt altar of Yredelemnul.
  1680 | D:2      | Noticed Robin
  1690 | D:2      | Killed Robin
  1690 | D:2      | Reached XP level 4. HP: 27/35 MP: 4/4
  2526 | D:3      | Gained mutation: You have sharp toenails. [demonic
                  | ancestry]
  2526 | D:3      | Reached XP level 5. HP: 15/42 MP: 5/5
  3249 | D:4      | Found Copoho's Distillery.
  3254 | D:4      | Bought a potion of curing for 36 gold pieces
  3605 | D:4      | Reached skill level 1 in Armour
  3716 | D:5      | Entered Level 5 of the Dungeon
  3733 | D:5      | Noticed a phantom
  3775 | D:5      | Killed a phantom
  3775 | D:5      | Reached XP level 6. HP: 28/49 MP: 6/6
  4267 | D:5      | Reached XP level 7. HP: 52/55 MP: 7/7
  4288 | D:5      | Found a staircase to the Ecumenical Temple.
  4299 | Temple   | Entered the Ecumenical Temple
  4391 | Temple   | Became a worshipper of Qazlal Stormbringer
  4622 | D:5      | Reached skill level 5 in Fighting
  4622 | D:5      | Reached skill level 5 in Dodging
  5026 | D:6      | Found a glowing drain.
  5035 | Sewer    | Entered a sewer
  5139 | Sewer    | Reached * piety under Qazlal
  5447 | Sewer    | Reached ** piety under Qazlal
  5722 | D:6      | Reached skill level 5 in Armour
  5722 | D:6      | Gained mutation: You are mostly covered in icy blue scales.
                  | (AC +3) [demonic ancestry]
  5722 | D:6      | Reached XP level 8. HP: 56/62 MP: 8/8
  7265 | D:7      | Reached skill level 1 in Invocations
  7265 | D:7      | Reached XP level 9. HP: 69/69 MP: 9/9
  7655 | D:7      | Reached *** piety under Qazlal
  7702 | D:8      | Reached skill level 2 in Invocations
  8090 | D:8      | Noticed a troll
  8099 | D:8      | Killed a troll
  8099 | D:8      | Reached skill level 3 in Invocations
  8344 | D:8      | Reached skill level 4 in Invocations
  8734 | D:8      | Noticed a merfolk
  8754 | D:8      | Killed a merfolk
  8754 | D:8      | Reached skill level 5 in Invocations
  9079 | D:8      | Noticed Maggie
  9099 | D:8      | Killed Maggie
  9099 | D:8      | Gained mutation: You regenerate a little health from kills.
                  | [demonic ancestry]
  9099 | D:8      | Reached XP level 10. HP: 63/79 MP: 12/14
  9305 | D:8      | Reached skill level 1 in Axes
  9306 | D:8      | Noticed a two-headed ogre
  9349 | D:8      | Killed a two-headed ogre
  9349 | D:8      | Reached skill level 6 in Invocations
  9764 | D:8      | Found an iron altar of Okawaru.
  9841 | D:8      | Reached skill level 7 in Invocations
 10033 | D:8      | Noticed Joseph
 10049 | D:8      | Killed Joseph
 10159 | D:8      | Reached skill level 5 in Axes
 10589 | D:8      | Gained mutation: You have razor-sharp toenails. [demonic
                  | ancestry]
 10589 | D:8      | Reached XP level 11. HP: 78/84 MP: 16/16
 11039 | D:9      | Reached skill level 8 in Invocations
 11124 | D:9      | Noticed a two-headed ogre
 11125 | D:9      | Found a shattered altar of Ashenzari.
 11129 | D:9      | Killed a two-headed ogre
 11195 | D:9      | Found a radiant altar of Vehumet.
 11268 | D:9      | Noticed Maurice
 11276 | D:9      | Killed Maurice
 11513 | D:9      | Reached **** piety under Qazlal
 11740 | D:10     | Entered Level 10 of the Dungeon
 11760 | D:10     | Reached skill level 9 in Invocations
 12409 | D:10     | You fall into a shaft and drop 1 floor!
 12436 | D:11     | Found the +9 sword of Zonguldrok {reap}
 12441 | D:11     | Noticed an obsidian statue
 12618 | D:11     | Found an opulent altar of Gozag.
 12813 | D:11     | Reached skill level 10 in Armour
 12863 | D:11     | Reached skill level 10 in Invocations
 12884 | D:11     | Reached ***** piety under Qazlal
 12962 | D:11     | Found Kionaec's Food Shop.
 13113 | D:11     | Found a staircase to the Lair.
 13372 | Lair:1   | Entered Level 1 of the Lair of Beasts
 13458 | Lair:1   | Noticed Grum
 13459 | Lair:1   | Noticed Harold
 13466 | Lair:1   | Killed Grum
 13466 | Lair:1   | Reached XP level 12. HP: 63/91 MP: 14/19
 13472 | Lair:1   | Killed Harold
 14589 | Lair:2   | Found a staircase to the Snake Pit.
 14593 | Lair:2   | Reached skill level 11 in Invocations
 15437 | Lair:3   | Reached skill level 10 in Axes
 15661 | Lair:3   | Found a staircase to the Shoals.
 16136 | Lair:4   | Noticed a six-headed hydra
 16141 | Lair:4   | Killed a six-headed hydra
 16240 | Lair:4   | Noticed a seven-headed hydra
 16247 | Lair:4   | Killed a seven-headed hydra
 16346 | Lair:4   | Reached XP level 13. HP: 96/96 MP: 21/21
 16457 | Lair:4   | You fall into a shaft and drop 2 floors!
 16457 | Lair:6   | Entered Level 6 of the Lair of Beasts
 16462 | Lair:6   | Noticed Urug
 16472 | Lair:6   | Killed Urug
 16500 | Lair:6   | Noticed Nessos
 16512 | Lair:6   | Killed Nessos
 16512 | Lair:6   | Reached skill level 12 in Invocations
 17347 | Lair:5   | Found the +4 moon troll leather armour {Spirit, Regen++
                  | MP+5}
 17408 | Lair:5   | You fall into a shaft and drop 1 floor!
 18681 | Lair:6   | Found a staircase to the Slime Pits.
 18837 | Lair:6   | Found a runed translucent door.
 18840 | Lair:6   | Noticed a fire dragon
 18878 | Lair:6   | Reached skill level 13 in Invocations
 18888 | Lair:6   | Reached skill level 10 in Dodging
 18995 | Lair:6   | Gained mutation: You are mostly covered in sharp spines.
                  | [demonic ancestry]
 18995 | Lair:6   | Reached XP level 14. HP: 98/103 MP: 23/23
 19246 | Lair:6   | Killed from afar by a fire dragon

Illustrated notes

Levels and vault maps discovered:
D:1:      evilmike_arrival_rings, layout_basic
D:2:      layout_basic, lemuel_zombie_altar_yredelemnul, uniq_robin
D:3:      layout_rooms, saegor_snake_ambush
D:4:      layout_loops_cross, serial_shops, shop
D:5:      layout_rooms, minmay_temple_entry_nine_rooms, first_ration
D:6:      layout_basic, portal_sewer_entry_f
D:7:      layout_basic, grunt_ministairs_11, kennysheep_big_empty_room
D:8:      kennysheep_town, uniq_maggie, uniq_joseph
D:9:      layout_loops_ring, basic_altar, grunt_livestock,
          vehumet_altar_wand_db, uniq_maurice
D:10:     layout_layer_cave
D:11:     layout_roguey [special_room_bee], lair_entry_dummy, basic_altar,
          serial_shops, shop, minivault_15
Temple:   kilobyte_greek_temple
Lair:1:   layout_regular_city, dpeg_stationary_puzzle, lemuel_fruit_fields,
          grunt_megastairs_4, uniq_grum, uniq_harold
Lair:2:   layout_regular_city, dummy_snake_entry, serial_bayou_crossing,
          infiniplex_staircase_pool_2, serial_bayou_shore_b
Lair:3:   layout_loops_ring, shoals_dummy_entry
Lair:4:   layout_gridlike
Lair:5:   layout_concentric_octagons, gauntlet_entry_generic,
          grunt_megastairs_5, minmay_lair_oklob_chamber
Lair:6:   wormcave, layout_gridlike, minmay_slime_entry_pillars,
          serial_bayou_pond_d, uniq_nessos, uniq_urug

Skill      XL: |  1  2  3  4  5  6  7  8  9 10 11 12 13 |
---------------+----------------------------------------+-----
Dodging        | 3 4 5 6 7 8 9 10 | 10.0
Fighting       | 3 4 5 7 |  7.3
Armour         | 2 3 5 7 8 9 10 11 | 11.8
Invocations    | 1 5 7 10 11 13 | 13.1
Axes           | 5 8 10 12 | 12.1
Polearms       | |  2.6
Throwing       | |  1.7

Action                   |  1- 3 |  4- 6 |  7- 9 | 10-12 | 13-15 || total
-------------------------+-------+-------+-------+-------+-------++-------
Melee: Trident           |    20 |       |       |       |       ||    20
       Short sword       |    80 |   158 |   383 |       |       ||   621
       Kick              |       |    24 |   111 |   156 |    64 ||   355
       Broad axe         |       |       |       |   151 |       ||   151
       Battleaxe         |       |       |       |   343 |   169 ||   512
Invok: Upheaval          |       |       |     1 |    12 |    13 ||    26
       Elemental Force   |       |       |       |     1 |       ||     1
  Use: Scroll            |       |     4 |     2 |     3 |     4 ||    13
       Potion            |       |       |       |       |     4 ||     4
 Stab: Sleeping          |     2 |       |       |       |       ||     2
       Distracted        |       |       |     1 |       |       ||     1
  Eat: Chunk             |     2 |     9 |    16 |    22 |     6 ||    55
       Ration            |       |       |       |     1 |     1 ||     2
Armor: Leather armour    |    35 |    18 |       |       |       ||    53
       Scale mail        |       |    37 |   113 |       |       ||   150
       Plate armour      |       |       |    62 |   386 |   149 ||   597
Dodge: Dodged            |    61 |    78 |   196 |   232 |   103 ||   670
       Repelled          |       |       |       |     6 |     6 ||    12
Block: Other             |       |       |    43 |   132 |    60 ||   235
